 Dungeon Crawl Stone Soup version 0.27.0-1-g7a089689b8 (webtiles) character file.

Game seed: 11407262540767706982

17 Spectrina the Ducker (level 2, -2/18 HPs)
             Began as a Deep Elf Monk on Aug 6, 2021.
             Slain by an orc (7 damage)
             ... on level 4 of the Dungeon.
             The game lasted 00:03:39 (421 turns).

Spectrina the Ducker (Deep Elf Monk)                 Turns: 421, Time: 00:03:39

Health: -2/18      AC:  2    Str:  8    XL:     2   Next: 44%
Magic:  8/8        EV: 13    Int: 14    God:
Gold:   12         SH:  0    Dex: 17    Spells: 7/7 levels left

rFire    . . .     SeeInvis .   a - +0 short sword
rCold    . . .     Faith    .   (no shield)
rNeg     . . .     Spirit   .   b - +0 robe
rPois    .         Reflect  .   (no helmet)
rElec    .         Harm     .   (no cloak)
rCorr    .         Rampage  .   (no gloves)
Will     .....                  (no boots)
Stlth    ++........             (no amulet)
HPRegen  0.06/turn              (no ring)
MPRegen  0.11/turn              (no ring)

@: no status effects
A: no striking features
a: no special abilities


You were on level 4 of the Dungeon.
You visited 1 branch of the dungeon, and saw 6 of its levels.

You collected 39 gold pieces.
You spent 27 gold pieces at shops.

Inventory:

Hand Weapons
 a - a +0 short sword (weapon)
 i - a +0 trident
Missiles
 d - 7 javelins (quivered)
 f - 2 boomerangs
 h - 13 poisoned darts
 l - 2 datura-tipped darts
 m - 26 arrows
 o - 21 stones
Armour
 b - a +0 robe (worn)
Scrolls
 c - 2 scrolls of blinking {unknown}
 j - a scroll of magic mapping {unknown}
 n - a scroll of summoning {unknown}
Potions
 e - a potion of curing {unknown}
 g - a potion of mutation {unknown}
 k - 2 potions of flight {unknown}


   Skills:
 - Level 2.4 Fighting
 - Level 3.0 Short Blades
 - Level 3.6 Dodging
 - Level 2.4 Stealth
 + Level 3.0 Spellcasting


You had 7 spell levels left.
You didn't know any spells.
Your spell library was empty.

Dungeon Overview and Level Annotations

Branches:
Dungeon (6/15)             Temple (0/1) D:4

Altars:
Fedhas

Shops:
D:5 *


Message History

An orc comes into view. It is wielding a +0 dagger.
The orc wizard moves out of view.
Unknown command.
The quokka misses you. The quokka barely misses you.
The quokka completely misses you. The quokka bites you.
Unknown command.
An endoplasm comes into view.
The endoplasm moves out of view.
A giant cockroach comes into view.
The endoplasm closely misses you.
The orc wizard gestures wildly while chanting.
The orc wizard flickers and vanishes!
Deactivating autopickup; reactivate with Ctrl-A.
Found a dagger.
The jelly quivers.
The quokka bites you. The quokka closely misses you.
As you open the door, it creaks loudly!
A jelly and an orc come into view.
The orc shouts!
The jelly quivers.
The orc throws a boomerang.
The boomerang barely misses you. The quokka bites you.
The endoplasm barely misses you.
Found a staircase to the Ecumenical Temple.
The orc throws a boomerang.
The boomerang closely misses you.
There is an open door here.
Unknown command.
The orc throws a boomerang.
The boomerang closely misses you. The jelly barely misses you.
An endoplasm comes into view.
The quokka closely misses you. The jelly barely misses you.
The orc hits you with a +0 flail!
* * * LOW HITPOINT WARNING * * *
Unknown command.
You open the door.
The endoplasm hits you but does no damage.
The quokka misses you. The orc hits you with a +0 flail!
You die...

#..####..............
#.## #.##....J..###
o.# #.....{..B..#
.####>.......####'####
.............#...J...#
.............#..J....#
o..##....#...'..J>...#
.........)...#.roB...#
##...........#.J@....#
#####...... ####'####
#.. ..... .# .. ... .#
. . .. .. ... )..


You could see 2 jellies, an orc, 2 endoplasms, a quokka and a giant cockroach.

Vanquished Creatures
  A dart slug (D:4)
  A ball python (D:2)
  A bat (D:1)
  A goblin (D:2)
  2 hobgoblins
  3 jackals (D:1)
  A kobold (D:4)
  A quokka (D:2)
  A frilled lizard (D:2)
12 creatures vanquished.

Notes
Turn   | Place    | Note
-------+----------+-------------------------------------------
     0 | D:1      | Spectrina the Deep Elf Monk began the quest for the Orb.
     0 | D:1      | Reached XP level 1. HP: 13/13 MP: 3/3
    32 | D:1      | Reached skill level 1 in Spellcasting
   156 | D:2      | Reached XP level 2. HP: 17/18 MP: 7/7
   211 | D:2      | Found a blossoming altar of Fedhas.
   289 | D:5      | Entered Level 5 of the Dungeon
   289 | D:5      | Found Dicowal's Assorted Antiques.
   293 | D:5      | Bought a viscous brown potion for 27 gold pieces
   333 | D:6      | Noticed a water moccasin
   414 | D:4      | Found a staircase to the Ecumenical Temple.
   421 | D:4      | Slain by an orc

Illustrated notes

Levels and vault maps discovered:
D:1:      lightli_iron_boxes, layout_basic, basic_ecumenical_altar
D:2:      layout_basic, basic_altar, uniq_natasha
D:3:      layout_rooms, uniq_ijyb
D:4:      layout_rooms, nicolae_sif_muna_little_library, temple_green,
          serial_shops, kennysheep_mini_moat
D:5:      layout_rooms, serial_shops, nicolae_shop_waterfront,
          gammafunk_ghost_necromancy
D:6:      layout_loops_ring, nzn_wu_jian_council_hall, uniq_pikel

Skill      XL: |  1  2 |
---------------+-------+-----
Spellcasting   | 2 3 |  3.0
Fighting       | |  2.4
Short Blades   | |  3.0
Dodging        | |  3.6
Stealth        | |  2.4

Action                   || total
-------------------------++-------
Melee: Short sword       ||    18
Throw: Javelin           ||     5
 Stab: Sleeping          ||     5
Armor: Robe              ||     4
Dodge: Dodged            ||    34
